 Dungeon Crawl Stone Soup version 0.28.0 (webtiles) character file.

Game seed: 1988056572477712268

168 dolemite99 the Vandal (level 5, -7/38 HPs)
             Began as a Demonspawn Hunter on Feb 5, 2022.
             Was a Priest of Jiyva.
             Mangled by an ogre (29 damage)
             ... on level 4 of the Dungeon.
             The game lasted 00:02:24 (2382 turns).

dolemite99 the Vandal (Demonspawn Hunter)           Turns: 2382, Time: 00:02:24

Health: -7/38      AC:  9    Str: 14    XL:     5   Next: 24%
Magic:  5/5        EV:  6    Int: 13    God:    Jiyva [***...]
Gold:   63         SH:  0    Dex: 13    Spells: 4/4 levels left

rFire   . . .      SeeInvis .   a - +1 hunting sling
rCold   . . .      Faith    .   (no shield)
rNeg    . . .      Spirit   .   j - +0 chain mail
rPois   .          Reflect  .   (no helmet)
rElec   .          Harm     .   (no cloak)
rCorr   +          Rampage  .   m - +0 pair of gloves
Will    +++..                   (no boots)
Stlth   ..........              (no amulet)
HPRegen 1.24/turn               (no ring)
MPRegen 0.44/turn               (no ring)

@: no status effects
A: hooves 1, ignite blood 2, strong-willed 3, jelly sensing items
a: Renounce Religion, Oozemancy


You were on level 4 of the Dungeon.
You worshipped Jiyva.
Jiyva was most pleased with you.
You visited 1 branch of the dungeon, and saw 4 of its levels.

You collected 63 gold pieces.

Inventory:

Hand Weapons
 a - a +1 hunting sling (weapon)
 b - a +0 short sword
Missiles
 d - a sling bullet
 f - 28 arrows
 h - 37 stones (quivered ammo)
 l - 24 bolts
Armour
 j - a +0 chain mail (worn)
 m - a +0 pair of gloves (worn)
Jewellery
 g - a ring of poison resistance
Scrolls
 i - a scroll of fog {unknown}
 k - 2 scrolls of teleportation {unknown}
Potions
 c - a potion of curing {unknown}
 e - a potion of brilliance {unknown}


   Skills:
 - Level 2.0 Fighting
 + Level 6.0 Slings
 - Level 1.7 Dodging
 - Level 0.8 Stealth


You had 4 spell levels left.
You didn't know any spells.
Your spell library was empty.

Dungeon Overview and Level Annotations

Branches:
Dungeon (4/15)             Temple (0/1) D:4

Altars:
Hepliaklqana
Jiyva


Innate Abilities, Weirdness & Mutations

You have large cloven feet.
Your demonic aura often causes spilled blood to erupt in flames.
You are extremely strong-willed. (Will+++)
You have a small jelly attached to you that senses nearby items.


Message History

The adder skeleton bites you but does no damage.
You shoot a stone.
The stone barely misses the adder skeleton.
The adder skeleton bites you but does no damage.
You shoot a stone.
The stone barely misses the adder skeleton.
The adder skeleton bites you but does no damage.
You shoot a stone. The stone hits the adder skeleton.
The adder skeleton is almost destroyed.
The adder skeleton bites you but does no damage.
You shoot a stone. The stone hits the adder skeleton.
You destroy the adder skeleton!
No target in view!
No target in view!
h - 33 stones (gained 4)
h - 34 stones (gained 1)
h - 35 stones (gained 1)
h - 38 stones (gained 3)
You hear a slurping noise.
h - 39 stones (gained 1)
There are no items here.
h - 40 stones (gained 1)
Found a staircase to the Ecumenical Temple.
An ogre and an iguana come into view.
The ogre shouts!
The iguana hisses angrily.
You hear a shout!
There are monsters nearby!
You shoot a stone. The stone barely misses the ogre.
Fire: 39 stones
Press: ? - help, Q - select action, (/) - cycle Shift-Dir - straight line, f/p - ogre
Aim: an ogre, wielding a +0 giant club (77% to hit)
You shoot a stone. The stone barely misses the ogre.
An orc comes into view. It is wielding a +0 whip.
The ogre hits you with a +0 giant club!
Fire: 38 stones
Press: ? - help, Q - select action, (/) - cycle Shift-Dir - straight line, f/p - ogre
Aim: an ogre, wielding a +0 giant club (77% to hit)
You shoot a stone. The stone barely misses the ogre.
The ogre hits you with a +0 giant club!!
Ouch! That really hurt!
You die...

#........# #........#
#........#
#........###.#
#.............
#.............
###########.............
........................
#####.@######.########.
#......O.# #..........
...#l..#.# ########### .
..#.# .. ....... ... .>
... ####### .. .#. ....
. .#. o.... .. . ...(..


You could see an ogre, an iguana and an orc.

Vanquished Creatures
  An ice beast (D:4)
  4 gnolls (D:2)
  2 adders
  An adder skeleton (D:4)
  A worm (D:2)
  A dart slug (D:1)
  4 ball pythons
  3 bats (D:2)
  2 endoplasms (D:1)
  3 goblins
  2 hobgoblins (D:1)
  A kobold (D:4)
  2 quokkas
  4 frilled lizards
  4 rats
  A spectral goblin (D:3)
36 creatures vanquished.

Vanquished Creatures (others)
  2 jellies
  2 adders (D:3)
  A worm (D:2)
  A dart slug (D:3)
  5 endoplasms
  An orc (D:4)
  A ball python (D:3)
  2 bats (D:3)
  2 giant cockroaches (D:2)
  3 goblins (D:3)
  A hobgoblin (D:3)
  A quokka (D:2)
  A frilled lizard (D:3)
  A kobold (D:3)
  2 rats
26 creatures vanquished.

Grand Total: 62 creatures vanquished

Notes
Turn   | Place    | Note
-------+----------+-------------------------------------------
     0 | D:1      | dolemite99 the Demonspawn Hunter began the quest for the
                  | Orb.
     0 | D:1      | Reached XP level 1. HP: 16/16 MP: 1/1
   465 | D:1      | Reached skill level 4 in Slings
   472 | D:1      | Gained mutation: Your demonic aura sometimes causes spilled
                  | blood to erupt in flames. [demonic ancestry]
   472 | D:1      | Reached XP level 2. HP: 22/22 MP: 2/2
   587 | D:1      | Found a faded altar of an unknown god.
   594 | D:1      | Prayed at the altar of an unknown god.
   594 | D:1      | Became a worshipper of Jiyva Jasirriz the Shapeless
   594 | D:1      | Reached * piety under Jiyva
  1057 | D:2      | Reached ** piety under Jiyva
  1065 | D:2      | Gained mutation: Your demonic aura often causes spilled
                  | blood to erupt in flames. [demonic ancestry]
  1065 | D:2      | Reached XP level 3. HP: 27/27 MP: 3/3
  1101 | D:2      | Reached skill level 5 in Slings
  1592 | D:3      | Found a hazy altar of Hepliaklqana.
  1820 | D:3      | Reached *** piety under Jiyva
  1882 | D:3      | Gained mutation: You have a small jelly attached to you
                  | that senses nearby items. [Jiyva's grace]
  1882 | D:3      | Gained mutation: You are strong-willed. (Will+) [Jiyva's
                  | grace]
  1882 | D:3      | Gained mutation: You are highly strong-willed. (Will++)
                  | [Jiyva's grace]
  1882 | D:3      | Gained mutation: You are extremely strong-willed. (Will+++)
                  | [Jiyva's grace]
  2015 | D:3      | Discovered your monstrous ancestry.
  2015 | D:3      | Gained mutation: You have large cloven feet. [demonic
                  | ancestry]
  2015 | D:3      | Reached XP level 4. HP: 33/33 MP: 4/4
  2307 | D:4      | Noticed an ice beast
  2320 | D:4      | Killed an ice beast
  2321 | D:4      | Reached skill level 6 in Slings
  2321 | D:4      | Reached XP level 5. HP: 38/38 MP: 5/5
  2378 | D:4      | Found a staircase to the Ecumenical Temple.
  2379 | D:4      | Noticed an ogre
  2382 | D:4      | Mangled by an ogre

Illustrated notes

Levels and vault maps discovered:
D:1:      giann_bridges, layout_basic, ebering_ecumenical_altar_webs,
          minmay_distorted
D:2:      layout_basic
D:3:      layout_loops_ring, nicolae_hepliaklqana_monster_ancestors,
          roderic_lattice_a
D:4:      cheibrodos_barr_body, layout_basic, zin_treasury,
          minmay_temple_entry_crystal_x

Skill      XL: |  1  2  3  4 |
---------------+-------------+-----
Slings         | 4 5 6 |  6.0
Fighting       | |  2.0
Dodging        | |  1.7
Stealth        | |  0.8

Action                   |  1- 3 |  4- 6 || total
-------------------------+-------+-------++-------
 Fire: Hunting sling     |    91 |    30 ||   121
Armor: Leather armour    |     3 |       ||     3
       Chain mail        |    14 |    10 ||    24
Dodge: Dodged            |    12 |     4 ||    16
